 Dungeon Crawl Stone Soup version 0.22-a0-447-gee5f723 (webtiles) character file.

58 ArgaWasAlreadyTaken the Shield-Bearer (level 3, -1/34 HPs)
             Began as a Deep Dwarf Fighter on June 3, 2018.
             Killed by nerve-wracking pain
             ... invoked by an orc priest
              (12 damage)
             ... on level 4 of the Dungeon.
             The game lasted 00:00:58 (1065 turns).

ArgaWasAlreadyTaken the Shield-Bearer (DDFi)        Turns: 1065, Time: 00:00:59

Health: -1/34      AC:  9    Str: 20    XL:     3   Next: 75%
Magic:  2/2        EV:  5    Int:  8    God:
Gold:   63         SH:  9    Dex: 12    Spells: 2/2 levels left

rFire    . . .     SeeInvis .   a - +0 war axe
rCold    . . .     Gourm    .   c - +0 shield
rNeg     . . .     Faith    .   g - +0 chain mail
rPois    .         Spirit   .   (no helmet)
rElec    .         Reflect  .   (no cloak)
rCorr    .         Harm     .   (no gloves)
MR       .....                  (no boots)
Stlth    ..........             m - amulet of inaccuracy (curse)
HPRegen  0.00/turn              (no ring)
MPRegen  0.08/turn              (no ring)

@: non-regenerating
A: damage resistance, heal wounds, sense surroundings 1, no regeneration
a: Heal Wounds


You were on level 4 of the Dungeon.
You were hungry.

You visited 1 branch of the dungeon, and saw 4 of its levels.

You collected 63 gold pieces.

Inventory:

Hand Weapons
 a - a +0 war axe (weapon)
Armour
 b - a +0 scale mail
 c - a +0 shield (worn)
 g - a +0 chain mail (worn)
Jewellery
 k - an uncursed amulet of faith {unknown}
 m - a cursed amulet of inaccuracy (around neck)
Potions
 d - a potion of might
 j - a potion of cancellation {unknown}
Comestibles
 f - 2 rations


   Skills:
 + Level 3.2 Fighting
 + Level 2.9 Axes
 + Level 3.8 Armour
 + Level 3.9 Shields


You had 2 spell levels left.
You didn't know any spells.
Your spell library was empty.

Dungeon Overview and Level Annotations

Branches:
Dungeon (4/15)
 Temple: D:4-7

Altars:
Hepliaklqana


Innate Abilities, Weirdness & Mutations

You are resistant to damage.
You can heal yourself by infusing magical energy.
You passively map a small area around you.
You do not regenerate.


Message History

You miss the orc priest!
The orc priest is almost dead!
You closely miss something! You miss the frilled lizard!
You block something's attack!
The frilled lizard bites you but does butt damage!
The orc priest hits you but does no damage!
You butt some strange, mumbled words!
Something tries to affect butt, but you resist!
You barely miss the orc priest!
The orc priest is almost dead!
You miss the frilled lizard!
Butt closely miss something!
The frilled lizard barely misses you!
The orc butt invokes the butt of Beogh against you!
Pain shoots through your body!!!
You hear some strange, mumbled words!
A magic dart appears from out of thin air!!!
The magic dart hits you!!! The frilled lizard barely misses you!
The orc priest mumbles some strange prayers to Beogh against you!
Pain shoots through your body!!! rip

#......#######
###..............
............%....
,
.................
.................
*
.................
,
......†))....?...
,
......$.{........
,
....%...o@.......
,
>...?...l<......>
,.................
.................*
, ,
.........########
* .........#
...####### ..* *


You could see an orc priest and a frilled lizard.

Vanquished Creatures
  An adder (D:2)
  2 worms (D:2)
  A dart slug (D:3)
  3 orcs (D:4)
  A giant cockroach (D:3)
  7 goblins
  2 hobgoblins (D:3)
  7 jackals
  A quokka (D:2)
  A ball python (D:2)
  4 bats
  A frilled lizard (D:2)
  4 kobolds
  A rat (D:1)
36 creatures vanquished.

Notes
Turn   | Place    | Note
-------+----------+-------------------------------------------
     0 | D:1      | ArgaWasAlreadyTaken the Deep Dwarf Fighter began the quest for the Orb.
     0 | D:1      | Reached XP level 1. HP: 20/20 MP: 1/1
   132 | D:1      | Reached XP level 2. HP: 24/27 MP: 2/2
   242 | D:2      | Reached skill level 3 in Fighting
   271 | D:2      | Reached XP level 3. HP: 24/34 MP: 3/3
   339 | D:3      | Found a hazy altar of Hepliaklqana.
  1065 | D:4      | Killed from afar by an orc priest

Vault maps used:
D:1:      minmay_arrival_stone_box
D:2:      uniq_sigmund
D:3:      nicolae_ru_the_path_less_chosen, lemuel_doored_altar, serial_glass,
          glass_columns_a, glass_columns_b, minmay_misc_feat_columns
D:4:      lightli_temple_of_fire, first_ration

Skill      XL: |  1  2 |
---------------+-------+-----
Fighting       | 3 |  3.2
Axes           | |  2.9
Armour         | |  3.8
Shields        | |  3.9

Action                   || total
-------------------------++-------
Melee: War axe           ||   137
 Abil: Heal Wounds       ||     1
  Use: Scroll            ||     2
Armor: Chain mail        ||   119
       Scale mail        ||     2
Dodge: Dodged            ||    35
Block: Shield            ||    90

Table legend:
 A = Spawn XP
 B = Non-spawn XP
 C = Spawn XP percentage of total XP
 D = Spawn monster count
 E = Non-spawn monster count
 F = Spawn count percentage of total count
 G = Total turns spent on level
                    A         B        C        D         E        F      G
               +---------+---------+-------+---------+---------+-------+---------
         Total |       0 |      83 |   0.0 |       0 |      36 |   0.0 |  1065
               +---------+---------+-------+---------+---------+-------+---------
           D:1 |       0 |      12 |   0.0 |       0 |       8 |   0.0 |   145
           D:2 |       0 |      38 |   0.0 |       0 |      12 |   0.0 |   169
           D:3 |       0 |      24 |   0.0 |       0 |      13 |   0.0 |   721
           D:4 |       0 |       9 |   0.0 |       0 |       3 |   0.0 |    30
               +---------+---------+-------+---------+---------+-------+---------
